 Dungeon Crawl Stone Soup version 0.28-a0-514-g0d7ab7f379 (webtiles) character file.

Game seed: 6827197550756265481

63 Leszczynek the Ruffian (level 4, -6/35 HPs)
             Began as a Human Gladiator on Sept 22, 2021.
             Mangled by an iguana (7 damage)
             ... on level 4 of the Dungeon.
             The game lasted 00:12:46 (1835 turns).

Leszczynek the Ruffian (Human Gladiator)            Turns: 1835, Time: 00:12:46

Health: -6/35      AC:  7    Str: 15    XL:     4   Next: 30%
Magic:  4/4        EV: 11    Int:  9    God:
Gold:   62         SH:  0    Dex: 14    Spells: 3/3 levels left

rFire   . . .      SeeInvis .     - Unarmed
rCold   . . .      Faith    .   (no shield)
rNeg    . . .      Spirit   .   g - +0 ring mail
rPois   .          Reflect  .   b - +0 helmet
rElec   .          Harm     .   (no cloak)
rCorr   .          Rampage  .   h - +0 pair of gloves
Will    .....                   (no boots)
Stlth   +.........              (no amulet)
HPRegen 0.11/turn               (no ring)
MPRegen 0.09/turn               (no ring)

@: brilliant, flying
A: no striking features
a: no special abilities


You were on level 4 of the Dungeon.
You visited 1 branch of the dungeon, and saw 4 of its levels.

You collected 62 gold pieces.

Inventory:

Hand Weapons
 o - a +0 mace
Missiles
 c - 3 throwing nets (quivered)
Armour
 a - a +0 leather armour
 b - a +0 helmet (worn)
 f - a +0 kite shield
 g - a +0 ring mail (worn)
 h - a +0 pair of gloves (worn)
Scrolls
 d - a scroll of fog {unknown}
 e - a scroll of vulnerability {!r}
 i - a scroll of holy word {unknown}
 l - a scroll of amnesia {unknown}
 m - 2 scrolls of teleportation
 p - a scroll of enchant weapon {unknown}
Potions
 j - a potion of attraction {unknown}
 n - a potion of flight


   Skills:
 - Level 3.1 Fighting
 - Level 2.0 Throwing
 - Level 3.0 Dodging
 + Level 4.1 Unarmed Combat


You had 3 spell levels left.
You didn't know any spells.
Your spell library contained the following spells:

 Spells                   Type           Power      Damage    Failure   Level
 Call Canine Familiar     Summ           0%         N/A       94%         3
 Portal Projectile        Hex/Tloc       0%         N/A       94%         3
 Leda's Liquefaction      Hex/Erth       0%         N/A       100%        4


Dungeon Overview and Level Annotations

Branches:
Dungeon (4/15)
 Temple: D:4-7

Altars:

Shops:
D:2 !


Message History

You punch the iguana!
The iguana is heavily wounded.
You closely miss the iguana.
The iguana is heavily wounded.
The iguana bites you.
You hit the iguana.
The iguana is heavily wounded.
The iguana barely misses you.
You closely miss the iguana.
The iguana is heavily wounded.
The iguana bites you.
You completely miss the iguana.
The iguana is heavily wounded.
The iguana closely misses you.
You completely miss the iguana.
The iguana is heavily wounded.
The iguana completely misses you.
You hit the iguana.
The iguana is heavily wounded.
The iguana bites you!
You hit the iguana.
The iguana is severely wounded.
The iguana bites you but does no damage.
You barely miss the iguana.
The iguana is severely wounded.
The iguana barely misses you.
You barely miss the iguana.
The iguana is severely wounded.
The iguana bites you.
You hit the iguana but do no damage.
The iguana is severely wounded.
The iguana bites you!
* * * LOW HITPOINT WARNING * * *
It was a potion of flight.
You feel very buoyant.
You fly up into the air.
The iguana barely misses you.
It was a potion of brilliance.
You feel clever all of a sudden. The iguana bites you!
You die...

### #
####<######.##
#.............
#..........##
#....(......##
###.............
#.@.............
#l#########.....
#g# ..... ...
.... ..... ..
....... .
.......?#
.........#
#####.....#


You could see an iguana and a hobgoblin.

Vanquished Creatures
  A lemure (D:3)
  Jessica (D:2)
  An orc (D:3)
  A ball python (D:2)
  A bat (D:3)
  4 endoplasms
  3 giant cockroaches
  3 goblins
  4 hobgoblins
  4 jackals (D:1)
  A kobold (D:1)
  3 quokkas
  A frilled lizard (D:2)
  A rat (D:1)
29 creatures vanquished.

Notes
Turn   | Place    | Note
-------+----------+-------------------------------------------
     0 | D:1      | Leszczynek the Human Gladiator began the quest for the Orb.
     0 | D:1      | Reached XP level 1. HP: 16/16 MP: 1/1
    19 | D:1      | X D
   417 | D:1      | Reached XP level 2. HP: 22/22 MP: 2/2
   935 | D:2      | You fall into a shaft and drop 1 floor!
   958 | D:2      | Found Wiox's Distillery.
  1031 | D:2      | Found a faded altar of an unknown god.
  1039 | D:2      | nah, can't do faded altar unarmed
  1046 | D:2      | it's too shit
  1081 | D:2      | also where are monsters
  1081 | D:2      | i'm not even xl 3 1000 turns in
  1177 | D:3      | Reached skill level 4 in Unarmed Combat
  1177 | D:3      | Reached XP level 3. HP: 27/27 MP: 3/3
  1301 | D:2      | Noticed Jessica
  1315 | D:2      | Killed Jessica
  1316 | D:2      | Reached skill level 3 in Fighting
  1316 | D:2      | Reached XP level 4. HP: 35/35 MP: 4/4
  1500 | D:4      | Noticed a lemure
  1681 | D:3      | Killed a lemure
  1832 | D:4      | HP: 1/35 [iguana (8)]
  1835 | D:4      | Mangled by an iguana

Illustrated notes ## .# .# #######.###### #.....@....... #.#####'###### #.# ..# #.# ..# #.# ..# ##########.## ..# #...........# g.# #.........#.# ..# #.........#.# Turn 19 on D:1: X D #.................## ... #........#.........# #####.###.###......# #.##.#...#.....# ..###..8.⌠# ... ...# #.8..###l.# .... #...#∩#⌠#.+ ###.##.#⌠#_#...# .#######@.8.# #⌠.8..# #.#...#.# #..###.... # # ... # ...# ..# ..# #.# #..... Turn 1039 on D:2: nah, can't do faded altar unarmed #####.....#.#.#.#.#.# .#.# ..................#... # ............#.#.#.#.... ..................# ...# .................## ... ........#.........# ####.###.###......# #.##.#...#.....###..# ..###..8.⌠#..@......# ...# #.8..###..##$.... ..## .... #...#∩#⌠#.+ .#. .... ###.##.#⌠#_#...## . .... .#######..8.# .... #⌠.8..# .... #.#...#.# .... #..###.... .... #.# ....# Turn 1046 on D:2: it's too shit

##.#...#.....###..#..#
###..8.⌠#.........#..#.. #
#.8..###..##.......#....######. .
#...#∩#⌠#.+..#.#.#...........#.
##.#⌠#_#...###.................#.
#######..8.# #.#.#.#...........#.
#⌠.8..###...................
#.#...#.#..#.#.#...........#.
#..###......@..............#.
#.#.##....##.#..#### #... #
#.#.##....##.#.>... .......#.
###.#...##....##.##.#############
#.......##....##.##.# #
#..#.#...'....##..... ..######
#.......##....##..#.######.##....
#..#.#..##....##..#.#....#.##..).
#.......#.....##..#.#.##.#.##....


Turn 1081 on D:2: also where are monsters

Levels and vault maps discovered:
D:1:      wander_arrival_lonely_grave, layout_basic
D:2:      layout_basic, serial_glass, glass_columns_a, glass_columns_a,
          glass_columns_a, glass_columns_b, glass_columns_a, glass_columns_a,
          glass_columns_a, glass_columns_a, glass_columns_c, glass_columns_a,
          glass_columns_a, glass_columns_a, glass_columns_b, glass_columns_b,
          serial_shops, nicolae_shop_temple_entry_statues_fountains,
          nicolae_square_shop, shapermc_ecumenical_altar_venn, uniq_jessica
D:3:      layout_basic, st_stairs_11, chequers_serial_rivers_micro_d
D:4:      layout_basic, nicolae_kikubaaqudgha_miasma_corner, uniq_natasha,
          uniq_edmund, uniq_duvessa, uniq_pikel

Skill      XL: |  1  2  3 |
---------------+----------+-----
Unarmed Combat | 4 |  4.1
Fighting       | 3 |  3.1
Throwing       | |  2.0
Dodging        | |  3.0

Action                   |  1- 3 |  4- 6 || total
-------------------------+-------+-------++-------
Melee: Unarmed           |   113 |    54 ||   167
       Punch             |     2 |     2 ||     4
  Use: Scroll            |     1 |     1 ||     2
       Potion            |       |     2 ||     2
Armor: Leather armour    |    45 |       ||    45
       Ring mail         |    17 |    14 ||    31
Dodge: Dodged            |   109 |    27 ||   136

Table legend: (Time is in decaauts)
 A = Elapsed time spent in this place.
 B = Non-inter-level travel time spent in this place.
 C = Inter-level travel time spent in this place.
 D = Time resting spent in this place.
 E = Time spent auto-exploring this place.
 F = Levels seen in this place.
 G = Mean time per level.
                   A        B        C        D        E       F      G
               +--------+--------+--------+--------+--------+-----+--------+
         Total |   1844 |   1699 |    145 |    182 |      0 |   4 |  461.0 |
       Dungeon |   1844 |   1699 |    145 |    182 |      0 |   4 |  461.0 |
               +--------+--------+--------+--------+--------+-----+--------+

Top non-repeatable levels by time:
     D:3: 618 daAuts
     D:1: 561 daAuts
     D:2: 556 daAuts
     D:4: 108 daAuts
